 Dungeon Crawl Stone Soup version 0.24.0-37-gcf1ca852f1 (webtiles) character file.

Game seed: 16601950069617892464, levelgen mode: deterministic

5831 Delamore the Severer (level 10, -5/81 HPs)
             Began as a Hill Orc Fighter on Nov 28, 2019.
             Was a High Priest of Okawaru.
             Slain by a death yak (10 damage)
             ... on level 9 of the Dungeon.
             The game lasted 00:13:33 (8948 turns).

Delamore the Severer (Hill Orc Fighter)             Turns: 8948, Time: 00:13:34

Health: -5/81      AC: 19    Str: 23    XL:     10   Next: 80%
Magic:  0/10       EV:  4    Int:  8    God:    Okawaru [*****.]
Gold:   344        SH:  9    Dex: 10    Spells: 9/9 levels left

rFire    + . .     SeeInvis .   a - +0 war axe
rCold    . . .     Gourm    .   c - +0 shield
rNeg     + . .     Faith    .   d - +2 plate armour {rF+}
rPois    +         Spirit   +   w - +2 hat
rElec    .         Reflect  .   (no cloak)
rCorr    .         Harm     .   e - +2 pair of gloves
MR       .....                  B - +0 pair of boots
Stlth    ..........             M - amulet of guardian spirit
HPRegen  0.23/turn              I - ring of positive energy
MPRegen  0.12/turn              E - ring of poison resistance

@: no status effects
A: no striking features
a: Heroism, Finesse, Renounce Religion


You were on level 9 of the Dungeon.
You worshipped Okawaru.
Okawaru was extremely pleased with you.
You were hungry.

You visited 2 branches of the dungeon, and saw 10 of its levels.
You visited the Abyss 1 time.

You collected 344 gold pieces.

Inventory:

Hand Weapons
 a - a +0 war axe (weapon)
 t - the +12 dagger of the Coin {freeze, rPois MP+9 Dex+4}
   (You found it on level 8 of the Dungeon)

   It has been specially enchanted to freeze those struck by it, causing extra
   injury to most foes and up to half again as much damage against particularly
   susceptible opponents.
   It can also slow down cold-blooded creatures.
   It affects your dexterity (+4).
   It protects you from poison.
   It affects your magic capacity (+9).
Missiles
 k - 18 poisoned darts (quivered)
 D - 4 atropa-tipped darts
Armour
 b - a +0 scale mail
 c - a +0 shield (worn)
 d - a +2 plate armour of fire resistance (worn)
 e - a +2 pair of gloves (worn)
 w - a +2 hat (worn)
 B - a +0 pair of boots (worn)
Jewellery
 m - an uncursed ring of protection from fire
 q - an uncursed ring of resist corrosion
 E - a ring of poison resistance (right hand)
 I - a ring of positive energy (left hand)
 M - an amulet of guardian spirit (around neck)
Wands
 s - a wand of random effects (22)
 v - a wand of acid (6)
Scrolls
 h - 2 scrolls of enchant armour {unknown}
 i - 2 scrolls of amnesia
 j - 4 scrolls of teleportation {unknown}
 l - a scroll of blinking
 o - 2 scrolls of enchant weapon {unknown}
 r - 2 scrolls of immolation
 u - 3 scrolls of magic mapping {unknown}
 y - 2 scrolls of random uselessness
 z - 2 scrolls of identify
 C - 2 scrolls of fog {unknown}
 K - 2 scrolls of remove curse
Potions
 g - 2 potions of agility
 n - 2 potions of mutation {unknown}
 p - 2 potions of degeneration {unknown}
 x - 3 potions of brilliance
 A - a potion of invisibility {unknown}
 F - a potion of magic {unknown}
 G - a potion of curing
 H - a potion of cancellation {unknown}
 L - a potion of lignification {unknown}
Comestibles
 f - 15 rations
 J - a chunk of flesh


   Skills:
 + Level 5.1 Fighting
 + Level 18.5 Axes
 - Level 3.2 Armour
 - Level 3.2 Shields


You had 9 spell levels left.
You didn't know any spells.
Your spell library contained the following spells:

 Spells                   Type           Power        Failure   Level  Hunger
 Bolt of Magma            Conj/Fire/Erth #.........   100%        5    ######.
 Iskenderun's Battlesphe  Conj/Chrm      #.......     100%        5    ######.
 Venom Bolt               Conj/Pois      #.........   100%        5    ######.
 Iron Shot                Conj/Erth      #.........   100%        6    #######
 Orb of Destruction       Conj           #.........   100%        7    #######
 Spellforged Servitor     Conj/Summ      #.........   100%        7    #######


Dungeon Overview and Level Annotations

Branches:
Dungeon (9/15)             Temple (1/1) D:5
   Lair: D:8-11         Orc: D:9-12

Altars:
Ashenzari
Cheibriados
Dithmenos
Elyvilon
Fedhas
Gozag
Kikubaaqudgha
Makhleb
Nemelex Xobeh
Okawaru
Qazlal
Ru
Sif Muna
Trog
Uskayaw
Vehumet
Wu Jian
Xom
Yredelemnul
Zin
The Shining One


Message History

Your plate armour prevents you from hitting the death yak.
The death yak is almost dead.
The death yak gores you!
* * * LOW HITPOINT WARNING * * *
Your shield and plate armour prevent you from hitting the death yak.
The death yak is almost dead.
The death yak gores you but does no damage.
Your plate armour prevents you from hitting the death yak.
The death yak is almost dead.
The death yak gores you!
* * * LOW HITPOINT WARNING * * *
You slash the death yak!
The death yak is almost dead.
You hit the death yak but do no damage.
The death yak is almost dead.
The death yak gores you but does no damage.
You hit the death yak but do no damage.
The death yak is almost dead.
The death yak gores you!
You die...

.................# #.......#
....###'##.......# #.......#
....#....#.......# #.......#
....#....#.......#######.......#
....#...<#.........(.......)...#
....#...###†..###..............#
....#####≈≈...≈≈#..÷.Y(.((.....#
........#≈..♣..≈#Y#########....##
................@.# #......
..........♣._.♣...# #......
......##.........## #..####
###...###≈..♣..≈## #..# #...#
#≈≈...≈≈# #..# #...# ###r..###
#..+ #...# #..... #..# #...#
#..... ...# #... #....


You could see a death yak and a neutral quokka (wandering).

Vanquished Creatures
  Erica (D:8)
  A death yak (D:9)
  Pikel (D:8)
  Psyche (D:8)
  Joseph (D:8)
  A queen bee (D:8)
  A hippogriff (D:7)
  A wyvern (D:8)
  2 hungry ghosts
  2 orc warriors
  3 sky beasts
  An ice beast (D:5)
  A black bear (D:7)
  A centaur (D:7)
  An ogre (D:6)
  3 bullfrogs
  A gnoll sergeant (D:8)
  A wyvern skeleton (D:6)
  A scorpion (D:4)
  12 killer bees
  2 howler monkeys
  A bullfrog zombie (D:5)
  A crimson imp (D:8)
  3 orc priests
  3 bullfrog skeletons
  9 orc wizards
  3 hounds
  An iguana (D:4)
  2 worker ants (D:4)
  A worker ant zombie (D:7)
  Robin (D:2)
  7 gnolls
  4 adders
  A howler monkey skeleton (D:4)
  A shadow imp (D:7)
  An adder skeleton (D:4)
  7 worms
  3 leopard geckos
  24 orcs
  A ball python (D:3)
  11 giant cockroaches
  9 goblins
  4 hobgoblins
  2 quokkas
  5 bats
  3 frilled lizards
  A jackal skeleton (D:4)
  10 kobolds
  A quokka skeleton (D:5)
  6 rats
  2 fungi (D:1)
167 creatures vanquished.

Vanquished Creatures (others)
  A slave (D:8)
  A killer bee (D:8)
2 creatures vanquished.

Grand Total: 169 creatures vanquished

Notes
Turn   | Place    | Note
-------+----------+-------------------------------------------
     0 | D:1      | Delamore the Hill Orc Fighter began the quest for the Orb.
     0 | D:1      | Reached XP level 1. HP: 19/19 MP: 1/1
    12 | D:1      | Reached skill level 3 in Axes
   211 | D:1      | Reached XP level 2. HP: 26/26 MP: 2/2
   299 | D:1      | Reached skill level 4 in Axes
   615 | D:2      | Found a stormy altar of Qazlal.
   620 | D:2      | Noticed Robin
   627 | D:2      | Killed Robin
   627 | D:2      | Reached XP level 3. HP: 15/31 MP: 3/3
   633 | D:2      | Reached skill level 5 in Axes
   720 | D:2      | Found a blossoming altar of Fedhas.
  1195 | D:2      | You fall into a shaft and drop 1 floor!
  1224 | D:3      | Reached XP level 4. HP: 34/39 MP: 4/4
  1391 | D:3      | Reached skill level 6 in Axes
  1474 | D:2      | Reached XP level 5. HP: 45/45 MP: 5/5
  1646 | D:2      | Found a snail-covered altar of Cheibriados.
  1647 | D:2      | Found a shattered altar of Ashenzari.
  1647 | D:2      | Found a shimmering blue altar of Sif Muna.
  1648 | D:2      | Found a bloodstained altar of Trog.
  1650 | D:2      | Found a shadowy altar of Dithmenos.
  2049 | D:3      | Reached skill level 7 in Axes
  2434 | D:4      | You fall into a shaft and drop 3 floors!
  2561 | D:6      | Found a sparkling altar of Nemelex Xobeh.
  2588 | D:5      | Entered Level 5 of the Dungeon
  2699 | D:5      | Found a staircase to the Ecumenical Temple.
  2699 | D:5      | Noticed a sky beast
  2712 | D:5      | Killed a sky beast
  2712 | D:5      | Reached skill level 8 in Axes
  2712 | D:5      | Reached XP level 6. HP: 51/51 MP: 6/6
  2721 | Temple   | Entered the Ecumenical Temple
  3004 | D:5      | Noticed an ice beast
  3013 | D:5      | Killed an ice beast
  3013 | D:5      | Reached skill level 9 in Axes
  3023 | D:5      | Reached XP level 7. HP: 44/57 MP: 7/7
  3298 | D:4      | Found an iron altar of Okawaru.
  3660 | D:4      | Became a worshipper of Warmaster Okawaru
  3783 | D:4      | Reached skill level 10 in Axes
  3897 | D:4      | You fall into a shaft and drop 3 floors!
  3897 | D:7      | Noticed a hippogriff
  3908 | D:7      | Killed a hippogriff
  3908 | D:7      | Reached * piety under Okawaru
  3908 | D:7      | Reached skill level 11 in Axes
  4100 | D:7      | Reached XP level 8. HP: 50/64 MP: 8/8
  4781 | D:4      | Reached skill level 12 in Axes
  5391 | D:6      | Reached ** piety under Okawaru
  5468 | D:6      | Reached skill level 13 in Axes
  5728 | D:6      | Found a white marble altar of Elyvilon.
  5997 | D:7      | Found a sacrificial altar of Ru.
  6170 | D:7      | Reached skill level 14 in Axes
  6170 | D:7      | Reached XP level 9. HP: 62/70 MP: 7/9
  6375 | D:8      | Noticed Psyche
  6415 | D:8      | Cast into level 2 of the Abyss (Psyche)
  6463 | Abyss:2  | Found a corrupted altar of Lugonu.
  6480 | Abyss:2  | Noticed an efreet
  6501 | Abyss:2  | Noticed an apocalypse crab
  6525 | Abyss:2  | Noticed a starcursed mass
  6536 | D:8      | Escaped the Abyss
  6566 | D:8      | Killed Psyche
  6566 | D:8      | Reached *** piety under Okawaru
  6566 | D:8      | Reached skill level 15 in Axes
  6817 | D:8      | Noticed Joseph
  6853 | D:8      | Killed Joseph
  7022 | D:8      | Noticed Erica
  7058 | D:8      | Killed Erica
  7058 | D:8      | Reached **** piety under Okawaru
  7058 | D:8      | Reached skill level 16 in Axes
  7058 | D:8      | Reached XP level 10. HP: 17/77 MP: 0/10
  7441 | D:8      | Found a basalt altar of Yredelemnul.
  7571 | D:8      | Reached skill level 17 in Axes
  8506 | D:8      | Noticed Pikel
  8518 | D:8      | Killed Pikel
  8518 | D:8      | Reached skill level 18 in Axes
  8770 | D:8      | Got a crude dagger
  8771 | D:8      | Identified the +12 dagger of the Coin {freeze, rPois MP+9
                  | Dex+4} (You found it on level 8 of the Dungeon)
  8816 | D:9      | Reached ***** piety under Okawaru
  8826 | D:9      | Found a white marble altar of Elyvilon.
  8891 | D:9      | Noticed a death yak
  8891 | D:9      | Noticed a death yak
  8935 | D:9      | Killed a death yak
  8935 | D:9      | Reached skill level 5 in Fighting
  8948 | D:9      | Slain by a death yak

Levels and vault maps discovered:
D:1:      dpeg_arrival_prison, layout_basic
D:2:      layout_loops_cross, minitemple, nicolae_overflow_crystal_walls,
          first_ration, uniq_robin
D:3:      layout_basic
D:4:      layout_basic, nicolae_overflow_hidden_temple
D:5:      layout_loops_corners, minmay_temple_entry_statues_pillars
D:6:      layout_cave_pools, overflow_temple_1_default, basic_altar,
          nicolae_sextant
D:7:      layout_basic, nicolae_ru_awakened_eye, corner_web_ring
D:8:      layout_basic, yredelemnul_altar_generic, david_nohive_1, uniq_erica,
          uniq_joseph, uniq_pikel, uniq_psyche
D:9:      layout_irregular_city, overflow_temple_1_default, dpeg_lair_monsters,
          david_orc_3, serial_shops, shop, elyvilon_altar_4
Temple:   compressed_dpeg_circular_temple

Skill      XL: |  1  2  3  4  5  6  7  8  9 10 |
---------------+-------------------------------+-----
Axes           | 3 4 5 6 8 9 11 14 16 18 | 18.5
Fighting       | 5 |  5.1
Armour         | |  3.2
Shields        | |  3.2

Action                   |  1- 3 |  4- 6 |  7- 9 | 10-12 || total
-------------------------+-------+-------+-------+-------++-------
Melee: War axe           |   112 |   129 |   338 |   208 ||   787
Throw: Dart              |       |       |    13 |     6 ||    19
  Use: Scroll            |       |     5 |     4 |       ||     9
       Potion            |       |       |     5 |       ||     5
  Eat: Chunk             |     1 |     6 |    13 |     5 ||    25
       Ration            |       |       |       |     1 ||     1
Armor: Scale mail        |    43 |    57 |   145 |       ||   245
       Plate armour      |       |       |       |   156 ||   156
Dodge: Dodged            |    32 |    36 |    66 |    40 ||   174
Block: Shield            |    70 |    54 |   117 |    99 ||   340
